 Dungeon Crawl Stone Soup version 0.21-a0-84-g85d6d27 (webtiles) character file.

21218 HarryHood the Fighter (level 12, -2/66 HPs)
             Began as a Vine Stalker Fighter on July 3, 2017.
             Was a High Priest of Makhleb.
             Slain by a phantasmal warrior (9 damage)
             ... led by a death knight
             ... on level 12 of the Dungeon.
             The game lasted 00:57:09 (10601 turns).

HarryHood the Fighter (Vine Stalker Fighter)       Turns: 10601, Time: 00:57:09

Health: -2/66      AC: 21    Str: 21    XL:     12   Next: 87%
Magic:  0/19       EV:  6    Int: 10    God:    Makhleb [*****.]
Gold:   1012       SH: 10    Dex: 15    Spells: 7/11 levels left

rFire    + . .     SeeInvis .   a - +8 spear "Demonslayer" {pierce, *Corrode +Fly rF+ rC+++}
rCold    + + +     Gourm    .   c - +0 shield
rNeg     + . .     Faith    .   B - +0 chain mail
rPois    .         Spirit   +   (helmet restricted)
rElec    .         Reflect  .   (no cloak)
rCorr    .         Harm     .   o - +2 pair of gloves (curse)
MR       .....                  e - +2 pair of boots
Stlth    ..........             (no amulet)
HPRegen  1.01/turn              h - ring of positive energy
MPRegen  0.16/turn              q - +1 ring of protection

@: vulnerable
A: fangs 3, horns 1, molten scales 1, regeneration 2, magic shield, antimagic
bite, no potion heal 3, rot immunity
a: Minor Destruction, Lesser Servant of Makhleb, Major Destruction, Greater
Servant of Makhleb, Renounce Religion, Evoke Flight


You were on level 12 of the Dungeon.
You worshipped Makhleb.
Makhleb was extremely pleased with you.
You were not hungry.

You visited 2 branches of the dungeon, and saw 13 of its levels.
You also visited: Sewer.

You collected 1012 gold pieces.

Inventory:

Hand Weapons
 a - the +8 spear "Demonslayer" (weapon) {pierce, *Corrode +Fly rF+ rC+++}
   (You found it on level 5 of the Dungeon)

   It inflicts extra damage upon your enemies.
   It protects you from fire.
   It renders you almost immune to cold.
   It lets you fly.
   It may corrode you when you take damage.
Armour
 c - a +0 shield (worn)
 e - a +2 pair of boots (worn)
 o - a cursed +2 pair of gloves (worn)
 u - a +0 plate armour
 B - a +0 chain mail (worn)
Jewellery
 h - a ring of positive energy (left hand)
 q - a +1 ring of protection (right hand)
Wands
 p - a wand of disintegration (3/24)
Scrolls
 b - a scroll of fog
 g - 8 scrolls of remove curse {@r1}
 k - 6 scrolls of teleportation {@r0}
 r - 2 scrolls of identify
 w - 2 scrolls of enchant weapon
 y - a scroll of blinking {@r7}
 F - a scroll of magic mapping {unknown}
 H - 2 scrolls of recharging {unknown}
 I - a scroll of enchant armour
Potions
 d - 3 potions of might
 i - 6 potions of curing {@q2}
 j - 5 potions of agility
 n - 2 potions of haste
 s - a potion of ambrosia {unknown}
 t - a potion of cancellation {unknown}
 x - a potion of magic {unknown}
 z - 5 potions of flight
 A - a potion of berserk rage {unknown}
 C - 3 potions of lignification {!q}
 E - 3 potions of resistance
 G - a potion of degeneration {unknown}
Comestibles
 f - 5 bread rations {@e1}
 l - 10 meat rations {@e1}
 m - 9 royal jellies {@e3}
 v - 26 fruits {@e2}
 D - 8 chunks of flesh


   Skills:
 - Level 9.3 Fighting
   Level 6.0 Short Blades
 - Level 9.0 Polearms
 * Level 8.8 Armour
 - Level 4.0 Stealth
 - Level 6.1 Shields
 - Level 8.8 Invocations


You had 7 spell levels left.
You knew the following spells:

 Your Spells              Type           Power        Failure   Level  Hunger
a - Confuse               Hex            #.......     100%        3    ####...
b - Confusing Touch       Hex            #.....       100%        1    ##.....


Dungeon Overview and Level Annotations

Branches:
Dungeon (12/15)            Temple (1/1) D:5            Lair (0/6) D:10
    Orc (0/2) D:12

Altars:
Ashenzari
Cheibriados
Dithmenos
Elyvilon
Fedhas
Gozag
Hepliaklqana
Kikubaaqudgha
Makhleb
Nemelex Xobeh
Okawaru
Qazlal
Ru
Sif Muna
Trog
Uskayaw
Vehumet
Wu Jian
Xom
Yredelemnul
Zin
The Shining One

Shops:
D:5 (   D:10 (


Innate Abilities, Weirdness & Mutations

You have razor-sharp teeth.
You heal very quickly.
When hurt, damage is shared between your health and your magic reserves.
Your bite disrupts and absorbs the magic of your enemies.
Potions cannot restore your health.
You are immune to rotting.
You have a pair of small horns on your head.
You are partially covered in molten scales. (AC +2)


Message History

Your headbutt misses the death knight.
You block the phantasmal warrior's attack.
You closely miss the death knight. You headbutt the death knight.
The phantasmal warrior blinks!
The death knight hits you but does no damage.
You hit the death knight. Your headbutt misses the death knight.
You bite the death knight, but do no damage.
The phantasmal warrior barely misses you.
You hit the death knight. Your bite misses the death knight.
You block the death knight's attack. The phantasmal warrior hits you.
* * * LOW HITPOINT WARNING * * *
You take 2 damage, and have 10/66 hp.
You now have 8/19 mp.
You closely miss the death knight. You bite the death knight.
You drain its power.
You feel invigorated.
You regained 5 mp, and now have 13/19 mp.
You hit the death knight. Your bite misses the death knight.
The death knight hits you with an enchanted great sword!
* * * LOW HITPOINT WARNING * * *
The phantasmal warrior hits you!
You die...

##.#
#..#
#.##
#.#
#.##
#..#
##.#
#.W#
#@##
#p#
#W#
#..
##.
.#
##


You could see a death knight and 2 phantasmal warriors.

Vanquished Creatures
  2 hydras
  5 two-headed ogres
  An ogre mage (D:10)
  2 unseen horrors (D:10)
  2 manticores
  2 cyclopes
  A centaur zombie (D:11)
  2 ugly things
  Psyche (D:8)
  The ghost of sscrono2 the Insei, a novice OpTm of Cheibriados (D:5)
  3 trolls
  A hornet (D:10)
  3 hippogriffs
  2 dream sheep (D:8)
  A wraith (D:9)
  A wyvern (D:11)
  Eustachio (D:5)
  9 yaks
  A basilisk (D:10)
  3 hungry ghosts
  2 vampire mosquitoes (D:12)
  A warg (D:12)
  A water moccasin (D:9)
  3 porcupines (D:10)
  4 ice beasts
  7 orc warriors
  2 sky beasts (D:6)
  2 black bears
  An eye of draining (D:12)
  2 ogres
  A phantom (D:7)
  12 centaurs
  2 elf zombies (D:9)
  5 crocodiles
  12 big kobolds
  3 bullfrogs
  2 gnoll sergeants (D:5)
  3 scorpions
  8 killer bees
  18 wights
  4 crimson imps
  A quasit (D:7)
  4 hounds
  3 jellies
  A human zombie (D:9)
  2 orc priests
  9 orc wizards
  2 bullfrog skeletons
  2 centaur skeletons
  2 iguanas
  10 worker ants
  A killer bee zombie (D:6)
  2 hound skeletons
  A hound zombie (D:9)
  4 mummies (D:9)
  2 worker ant zombies
  11 gnolls
  A howler monkey skeleton (D:11)
  15 adders
  3 worms
  4 dart slugs
  7 leopard geckos
  36 orcs
  4 ball pythons
  5 bats
  5 giant cockroaches
  13 goblins
  7 hobgoblins
  4 jackals
  4 frilled lizards
  A jackal zombie (D:8)
  67 kobolds
  An orc zombie (D:9)
  A quokka zombie (D:5)
  4 rats
378 creatures vanquished.

Vanquished Creatures (others)
  A fungus (D:10)
  6 plants (D:10)
7 creatures vanquished.

Grand Total: 385 creatures vanquished

Notes
Turn   | Place    | Note
-------+----------+-------------------------------------------
     0 | D:1      | HarryHood the Vine Stalker Fighter began the quest for the Orb.
     0 | D:1      | Reached XP level 1. HP: 11/11 MP: 2/2
    92 | D:1      | Found an iron altar of Okawaru.
   127 | D:1      | Reached skill level 3 in Fighting
   173 | D:1      | Reached XP level 2. HP: 16/16 MP: 3/3
   817 | D:1      | Reached XP level 3. HP: 21/21 MP: 4/4
   992 | D:2      | Reached skill level 4 in Fighting
  1091 | D:2      | Gained mutation: Your natural rate of healing is unusually fast. [Vine Stalker growth]
  1091 | D:2      | Reached XP level 4. HP: 22/25 MP: 5/5
  1838 | D:3      | Reached skill level 5 in Fighting
  1879 | D:3      | Reached XP level 5. HP: 16/30 MP: 6/6
  2203 | D:3      | Found a glowing golden altar of the Shining One.
  2203 | D:3      | Found a stormy altar of Qazlal.
  2713 | D:4      | Found an opulent altar of Gozag.
  2920 | D:4      | Reached XP level 6. HP: 31/36 MP: 5/7
  2923 | D:4      | Reached skill level 6 in Fighting
  2930 | D:4      | Reached skill level 2 in Short Blades
  3124 | D:5      | Entered Level 5 of the Dungeon
  3144 | D:5      | Reached skill level 3 in Short Blades
  3150 | D:5      | Noticed sscrono2's ghost (novice OpTm)
  3180 | D:5      | Killed sscrono2's ghost
  3180 | D:5      | Reached skill level 5 in Short Blades
  3180 | D:5      | Reached XP level 7. HP: 21/40 MP: 4/8
  3280 | D:5      | Found Med Zixt's Antique Weapon Shoppe.
  3320 | D:5      | Got a dazzling spear
  3337 | D:5      | Found a glowing drain.
  3349 | Sewer    | Entered a sewer
  3621 | D:5      | Reached skill level 6 in Short Blades
  3654 | D:5      | Gained mutation: You have razor-sharp teeth. [Vine Stalker growth]
  3654 | D:5      | Reached XP level 8. HP: 24/44 MP: 9/9
  3664 | D:5      | Reached skill level 3 in Armour
  3886 | D:5      | Noticed Eustachio
  3894 | D:5      | Reached skill level 4 in Armour
  3919 | D:5      | Killed Eustachio
  3919 | D:5      | Reached skill level 5 in Armour
  3993 | D:5      | Found a staircase to the Ecumenical Temple.
  4003 | Temple   | Entered the Ecumenical Temple
  4049 | Temple   | Became a worshipper of Makhleb the Destroyer
  4059 | Temple   | Identified the +8 spear "Demonslayer" {pierce, *Corrode +Fly rF+ rC+++} (You found it on level 5 of the Dungeon)
  4342 | D:5      | Reached skill level 1 in Polearms
  4430 | D:5      | Reached skill level 2 in Polearms
  4430 | D:5      | Reached skill level 6 in Armour
  4430 | D:5      | Reached XP level 9. HP: 48/48 MP: 10/10
  4441 | D:5      | Reached skill level 3 in Shields
  4537 | D:5      | Found a radiant altar of Vehumet.
  4544 | D:5      | Found a shimmering altar of Xom.
  5135 | D:6      | Reached skill level 3 in Polearms
  5279 | D:6      | Found a deep blue altar of Sif Muna.
  5398 | D:6      | Reached * piety under Makhleb
  5464 | D:6      | Reached skill level 4 in Shields
  5645 | D:6      | Reached skill level 4 in Polearms
  5994 | D:7      | Reached skill level 5 in Shields
  6067 | D:7      | Reached ** piety under Makhleb
  6067 | D:7      | Reached skill level 5 in Polearms
  6385 | D:7      | Learned a level 3 spell: Confuse
  6385 | D:7      | Gained mutation: You passively map a small area around you. [potion of mutation]
  6385 | D:7      | Gained mutation: Scrolls take you a little longer to read. [potion of mutation]
  6385 | D:7      | Gained mutation: You are robust. (+10% HP) [potion of mutation]
  6385 | D:7      | Gained mutation: Your flesh is cold resistant. (rC+) [potion of mutation]
  6388 | D:7      | Lost mutation: You passively map a small area around you. [potion of mutation]
  6388 | D:7      | Lost mutation: Scrolls take you a little longer to read. [potion of mutation]
  6388 | D:7      | Lost mutation: You are robust. (+10% HP) [potion of mutation]
  6388 | D:7      | Gained mutation: You are clumsy. (Dex -2) [potion of mutation]
  6388 | D:7      | Gained mutation: You evolve. [potion of mutation]
  6431 | D:8      | Noticed Psyche
  6455 | D:8      | Killed Psyche
  6455 | D:8      | Reached XP level 10. HP: 49/53 MP: 8/11
  6489 | D:8      | Reached skill level 6 in Shields
  6577 | D:8      | Reached skill level 6 in Polearms
  6577 | D:8      | Reached skill level 1 in Invocations
  6596 | D:8      | Found a shattered altar of Ashenzari.
  6625 | D:8      | Noticed a two-headed ogre
  6635 | D:8      | Killed a two-headed ogre
  6635 | D:8      | Reached skill level 3 in Invocations
  6748 | D:8      | Reached skill level 4 in Invocations
  6803 | D:8      | Noticed a two-headed ogre
  6816 | D:8      | Killed a two-headed ogre
  6816 | D:8      | Reached skill level 6 in Invocations
  6997 | D:8      | Reached skill level 7 in Invocations
  7033 | D:8      | Noticed a two-headed hydra
  7043 | D:8      | Killed a two-headed hydra
  7043 | D:8      | Reached skill level 8 in Invocations
  7043 | D:8      | Reached XP level 11. HP: 56/56 MP: 15/18
  7147 | D:8      | Reached skill level 1 in Stealth
  7193 | D:8      | Learned a level 1 spell: Confusing Touch
  7226 | D:9      | Noticed a white ugly thing
  7240 | D:9      | Killed a white ugly thing
  7240 | D:9      | Reached skill level 2 in Stealth
  7374 | D:9      | Reached *** piety under Makhleb
  7693 | D:9      | Found a blossoming altar of Fedhas.
  7750 | D:9      | Lost mutation: You evolve. [end of evolution]
  7860 | D:9      | Reached skill level 3 in Stealth
  7890 | D:9      | Reached skill level 7 in Fighting
  7947 | D:9      | Found an ancient bone altar of Kikubaaqudgha.
  8184 | D:9      | Noticed a cyclops
  8192 | D:9      | Killed a cyclops
  8204 | D:9      | Lost mutation: You are clumsy. (Dex -2) [potion of mutation]
  8204 | D:9      | Lost mutation: Your flesh is cold resistant. (rC+) [potion of mutation]
  8204 | D:9      | Gained mutation: You are partially covered in molten scales. (AC +2) [potion of mutation]
  8204 | D:9      | Gained mutation: You have a pair of small horns on your head. [potion of mutation]
  8206 | D:10     | Entered Level 10 of the Dungeon
  8226 | D:10     | Reached skill level 4 in Stealth
  8294 | D:10     | Reached **** piety under Makhleb
  8294 | D:10     | Reached skill level 8 in Fighting
  8329 | D:10     | Found a staircase to the Lair.
  8352 | D:10     | Noticed a two-headed ogre
  8367 | D:10     | Killed an unseen horror
  8378 | D:10     | Killed a two-headed ogre
  8378 | D:10     | Reached skill level 9 in Fighting
  8380 | D:10     | Noticed an ogre mage
  8391 | D:10     | Killed an ogre mage
  8452 | D:10     | Killed an unseen horror
  8452 | D:10     | Reached skill level 7 in Polearms
  8452 | D:10     | Gained mutation: You heal very quickly. [Vine Stalker growth]
  8452 | D:10     | Reached XP level 12. HP: 48/66 MP: 9/19
  8489 | D:10     | Found Ditteny's Weapon Boutique.
  8860 | D:10     | Reached skill level 8 in Polearms
  9237 | D:11     | Noticed a seven-headed hydra
  9252 | D:11     | Killed a seven-headed hydra
  9384 | D:11     | Reached skill level 9 in Polearms
  9456 | D:11     | Reached ***** piety under Makhleb
  9587 | D:11     | Reached skill level 7 in Armour
  9667 | D:11     | Noticed a two-headed ogre
  9678 | D:11     | Killed a two-headed ogre
 10046 | D:12     | Noticed a two-headed ogre
 10060 | D:12     | Killed a two-headed ogre
 10133 | D:12     | Reached skill level 8 in Armour
 10274 | D:12     | Found a staircase to the Orcish Mines.
 10575 | D:12     | Noticed a death knight
 10601 | D:12     | Slain by a phantasmal warrior

Vault maps used:
D:1:      onia_arrival_pyramid, okawaru_ov_weapons_minmay
D:3:      gammafunk_temple_overflow_elements, first_bread, dk_vineyard_2
D:4:      grunt_gozag_statues
D:5:      minmay_goblin_kobold_castle, amethyst_overflow_temple_binary,
          temple_hall, portal_sewer_entry_d, serial_shops, shop, serial_glass,
          glass_columns_b, glass_columns_b, sword_in_stone
D:6:      serial_curves, eino_curves_03, eino_curves_01,
          hangedman_decor_opposing, lemuel_blue_sif_altar
D:8:      hangedman_ranch, cheibrodos_ashenzari_chains, uniq_psyche
D:9:      lemuel_mausoleum_altar_kikubaaqudgha, kennysheep_mini_moat,
          corexii_leaking_fountain
D:10:     hangedman_cross_stitches, minmay_lair_entry_grove, serial_shops, shop
D:12:     david_orc_1_choice, hangedman_decor_points, corexii_hall_statues_i
Temple:   eino_wide_crystal_templ
Sewer:    sewer_the_crocodile

Skill      XL: |  1  2  3  4  5  6  7  8  9 10 11 12 |
---------------+-------------------------------------+-----
Fighting       | 3 4 5 6 9 |  9.3
Short Blades   | 5 6 |  6.0
Armour         | 6 8 |  8.8
Polearms       | 2 5 6 7 9 |  9.0
Shields        | 5 6 |  6.1
Invocations    | 8 |  8.8
Stealth        | 4 |  4.0

Action                   |  1- 3 |  4- 6 |  7- 9 | 10-12 || total
-------------------------+-------+-------+-------+-------++-------
Melee: Rapier            |    52 |       |       |       ||    52
       Bite              |    18 |    47 |   106 |   248 ||   419
       Short sword       |    29 |   182 |   156 |       ||   367
       Spear             |       |       |   178 |   699 ||   877
       Unarmed           |       |       |    13 |       ||    13
       Headbutt          |       |       |       |   105 ||   105
Invok: Major Destruction |       |       |       |     1 ||     1
 Abil: Evoke Flight      |       |       |     1 |       ||     1
  Use: Scroll            |     3 |     6 |     6 |     7 ||    22
       Potion            |       |       |     2 |     1 ||     3
  Eat: Chunk             |     1 |     6 |     5 |    18 ||    30
       Fruit             |       |       |     2 |     2 ||     4
       Bread ration      |       |       |     1 |       ||     1
Armor: Scale mail        |    33 |    68 |    55 |       ||   156
       Chain mail        |       |       |    80 |   276 ||   356
       Skin              |       |       |     3 |       ||     3
Dodge: Dodged            |    18 |    36 |    81 |   101 ||   236
Block: Shield            |    32 |    63 |   146 |   242 ||   483
